 Dungeon Crawl Stone Soup version 0.30-a0-359-gd0147acb1a (webtiles) character file.

Game seed: 6548919755290325538

213 AeshMezareph the Magician (level 6, -1/43 HPs)
             Began as a Djinni Conjurer on Nov 12, 2022.
             Slain by an orc wizard
             ... wielding a +0 dagger
              (3 damage)
             ... on level 5 of the Dungeon.
             The game lasted 00:16:07 (2761 turns).

AeshMezareph the Magician (Djinni Conjurer)         Turns: 2761, Time: 00:16:07

Health: -1/43      AC:  2    Str:  6    XL:     6   Next: 14%
Gold:   120        EV: 12    Int: 22    God:
                   SH:  5    Dex: 11

rFire   + + .      SeeInvis .    o - +2 demon whip (venom)
rCold   x . .      Faith    .    (no shield)
rNeg    . . .      Spirit   .    a - +0 robe
rPois   ∞          Reflect  +    (no helmet)
rElec   .          Harm     .    (no cloak)
rCorr   .          Rampage  .    (no gloves)
Will    .....                    (boots unavailable)
Stlth   ++........               p - amulet of reflection
HPRegen 0.27/turn                (no ring)
MPRegen 0.00/turn                (no ring)

@: flying
A: sickness immunity, fire resistance 2, cold vulnerability 1, float, innate
caster, HP casting, extra vitality 1
a: no special abilities


You were on level 5 of the Dungeon.
You visited 1 branch of the dungeon, and saw 5 of its levels.

You collected 120 gold pieces.

Inventory:

Hand Weapons
 c - a +0 whip
 o - a +2 demon whip of venom (weapon)
Missiles
 b - 15 poisoned darts
Armour
 a - a +0 robe (worn)
 m - a +0 leather armour
Jewellery
 p - an amulet of reflection (around neck)
Scrolls
 e - 4 scrolls of identify {unknown}
 f - a scroll of poison {unknown}
 h - a scroll of immolation {unknown}
 j - 2 scrolls of enchant weapon {unknown}
 k - 3 scrolls of teleportation {unknown}
 q - a scroll of enchant armour {unknown}
 r - a scroll of magic mapping {unknown}
Potions
 d - 2 potions of mutation {unknown}
 g - 2 potions of curing {unknown}
 i - a potion of cancellation {unknown}
 l - 2 potions of haste {unknown}
 n - a potion of brilliance {unknown}
 s - a potion of invisibility {unknown}
 t - a potion of might {unknown}
 u - a potion of heal wounds {unknown}


   Skills:
 + Level 2.1 Fighting
 * Level 1.6 Maces & Flails
 + Level 2.8 Dodging
 - Level 1.6 Stealth
 * Level 4.5 Spellcasting


You couldn't memorise any spells.
You knew the following spells:

 Your Spells              Type           Power      Damage    Failure   Level
a - Magic Dart            Conj           100%       1d8       1%          1
b - Searing Ray           Conj           50%        2d6       2%          2
c - Dazzling Flash        Conj/Hex       50%        N/A       4%          3
d - Fulminant Prism       Conj/Hex       12%        3d9       16%         4
e - Iskenderun's Mystic   Conj/Tloc      25%        2d7       16%         4
f - Necrotise             Necr           100%       1d9       1%          1
g - Passwall              Tmut/Erth      20%        N/A       2%          2
Your spell library was empty.

Dungeon Overview and Level Annotations

Branches:
Dungeon (5/15)
 Temple: D:4-7

Altars:
Yredelemnul


Innate Abilities, Weirdness & Mutations

You are immune to sickness and miasma.
You are immune to poison.
Your flesh is very heat resistant. (rF++)
You are vulnerable to cold. (rC-)
You float through the air rather than walking.
You learn spells naturally, not from books.
Your magical power is your life essence.
You have superior vitality. (+4 MHP)


Message History

The orc priest is almost dead.
You kill the orc priest!
You hear some strange, mumbled words.
Something tries to affect you, but you resist.
You have reached level 6!
Something hits you.
* * * LOW HITPOINT WARNING * * *
Things that are here:
a +0 short sword; a +0 ring mail; an orc corpse Unknown command.
You closely miss something. Something hits you.
* * * LOW HITPOINT WARNING * * *
Unknown command.
You hit something. Something hits you.
* * * LOW HITPOINT WARNING * * *
Unknown command.
You miss something. Your punch misses something. Something hits you.
* * * LOW HITPOINT WARNING * * *
Unknown command.
You closely miss something. Something hits you.
* * * LOW HITPOINT WARNING * * *
Unknown command.
You miss something. Something hits you.
* * * LOW HITPOINT WARNING * * *
Unknown command.
You closely miss something.
You hear some strange, mumbled words.
A puff of flame appears from out of thin air!
The puff of flame hits you. You resist.
* * * LOW HITPOINT WARNING * * *
Unknown command.
You miss something. Something hits you.
* * * LOW HITPOINT WARNING * * *
Unknown command.
You miss something. Something hits you but does no damage.
You hit something. Something completely misses you.
You miss something. Something hits you.
* * * LOW HITPOINT WARNING * * *
You closely miss something. Something hits you.
You die...

#.# ###.# #.# #...#
#.###...##### ### ######
#............. ..#
#....######.....####. #.#
#.#.........#..## # #.#
#.#..######...## #.##.###.#
#.#..# ###)# #....<...# #.#..#
#@# ####.##### #....# #{# #.#
###.### .). #.##### #.#.## .....
#..[..# ##..#.# ....... ##.###.#
#####....###.........####...##(#
...........+.........+.......#.#
####....###.........####...##.##
##.#.# ##.#.....


There were no monsters in sight!

Vanquished Creatures
  A hound (D:4)
  2 orc priests (D:5)
  An orc wizard (D:5)
  4 adders (D:3)
  2 worms
  A dart slug (D:2)
  An orc (D:3)
  6 bats
  4 endoplasms
  3 giant cockroaches
  6 goblins
  3 hobgoblins
  4 jackals (D:1)
  4 quokkas
  4 ball pythons
  2 frilled lizards (D:2)
  4 kobolds
  2 rats
54 creatures vanquished.

Notes
Turn   | Place    | Note
-------+----------+-------------------------------------------
     0 | D:1      | AeshMezareph the Djinni Conjurer began the quest for the
                  | Orb.
     0 | D:1      | AeshMezareph set off with the following spells memorised:
                  | Magic Dart, Searing Ray, Dazzling Flash, Fulminant Prism,
                  | Iskenderun's Mystic Blast.
     0 | D:1      | Reached XP level 1. HP: 15/15 MP: 0/0
   315 | D:1      | Reached XP level 2. HP: 21/21 MP: 0/0
   776 | D:2      | Reached XP level 3. HP: 24/25 MP: 0/0
   776 | D:2      | Learned a level 1 spell: Necrotise
  1498 | D:2      | Reached skill level 1 in Fighting
  1498 | D:2      | Reached skill level 4 in Spellcasting
  1680 | D:3      | Reached XP level 4. HP: 24/32 MP: 0/0
  1761 | D:3      | Found a faded altar of an unknown god.
  2223 | D:4      | Found a basalt altar of Yredelemnul.
  2286 | D:4      | Reached skill level 1 in Maces & Flails
  2286 | D:4      | Reached XP level 5. HP: 35/38 MP: 0/0
  2286 | D:4      | Learned a level 2 spell: Passwall
  2484 | D:4      | Noticed a centaur
  2484 | D:4      | Noticed a centaur
  2493 | D:5      | Entered Level 5 of the Dungeon
  2750 | D:5      | Reached XP level 6. HP: 13/43 MP: 0/0
  2757 | D:5      | HP: 2/43 [something (1)]
  2761 | D:5      | Slain by an orc wizard

Illustrated notes

Levels and vault maps discovered:
D:1:      dpeg_arrival_concentric_ovals, layout_loops_ring
D:2:      layout_basic
D:3:      layout_rooms, basic_ecumenical_altar
D:4:      layout_basic, jmf_multi_god_temple, chequers_mini_garden,
          minmay_manual_mares
D:5:      layout_loops_corners

Skill      XL: |  1  2  3  4  5 |
---------------+----------------+-----
Fighting       | 1 2 |  2.1
Spellcasting   | 4 |  4.5
Maces & Flails | 1 |  1.6
Dodging        | |  2.8
Stealth        | |  1.6

Action                   |  1- 3 |  4- 6 || total
-------------------------+-------+-------++-------
Melee: Whip              |     2 |       ||     2
       Demon whip        |       |    37 ||    37
 Cast: Magic Dart        |    65 |    29 ||    94
       Searing Ray       |     2 |     1 ||     3
Armor: Robe              |     2 |     3 ||     5
Dodge: Dodged            |     5 |    25 ||    30
Block: Other             |       |     8 ||     8
       Reflection        |       |     3 ||     3

Table legend: (Time is in decaauts)
 A = Elapsed time spent in this place.
 B = Non-inter-level travel time spent in this place.
 C = Inter-level travel time spent in this place.
 D = Time resting spent in this place.
 E = Time spent auto-exploring this place.
 F = Levels seen in this place.
 G = Mean time per level.
                   A        B        C        D        E       F      G
               +--------+--------+--------+--------+--------+-----+--------+
         Total |   2761 |   2625 |    136 |    229 |   2054 |   5 |  552.2 |
       Dungeon |   2761 |   2625 |    136 |    229 |   2054 |   5 |  552.2 |
               +--------+--------+--------+--------+--------+-----+--------+

Top non-repeatable levels by time:
     D:2: 889 daAuts
     D:1: 767 daAuts
     D:3: 491 daAuts
     D:4: 344 daAuts
     D:5: 268 daAuts
